 Dungeon Crawl Stone Soup version 0.30-a0-778-g2ef04afb54 (webtiles) character file.

Game seed: 2289750215229095572

780 Pooter the Chopper (level 7, -4/62 HPs)
             Began as a Minotaur Berserker on Feb 15, 2023.
             Was a Believer of Trog.
             Killed from afar by Maggie (6 damage)
             ... with a bolt of fire
             ... on level 6 of the Dungeon.
             The game lasted 00:18:37 (5420 turns).

Pooter the Chopper (Minotaur Berserker)             Turns: 5420, Time: 00:18:38

Health: -4/62      AC: 13    Str: 23    XL:     7   Next: 55%
Magic:  6/6        EV:  8    Int:  6    God:    Trog [**....]
Gold:   317        SH:  3    Dex: 10    Spells: 6/6 levels left

rFire   . . .      SeeInvis .    a - +11 war axe of Watchfulness {heavy, Int+2}
rCold   + . .      Faith    .    u - +0 buckler
rNeg    . . .      Spirit   .    h - +4 chain mail
rPois   .          Reflect  .    (helmet restricted)
rElec   .          Harm     .    (no cloak)
rCorr   .          Rampage  .    n - +0 pair of gloves
Will    .....                    (no boots) Stlth
                                 (no amulet)
HPRegen 0.30/turn                I - ring of protection from cold
MPRegen 0.10/turn                (no ring)

@: mesmerised
A: horns 2, retaliatory headbutt
a: Renounce Religion, Berserk, Trog's Hand


You were on level 6 of the Dungeon.
You worshipped Trog.
Trog was pleased with you.
You visited 1 branch of the dungeon, and saw 6 of its levels.

You collected 317 gold pieces.

Inventory:

Hand Weapons
 a - the +11 war axe of Watchfulness (weapon) {heavy, Int+2}
   (You found it on level 6 of the Dungeon)

   Int:       It affects your intelligence (+2).
 b - a +0 sling
   (You took it off a goblin on level 4 of the Dungeon)
 i - a +1 war axe
   (You took it off an orc on level 5 of the Dungeon)
 k - a +0 trident
   (You found it on level 2 of the Dungeon)
 A - a +2 hammer of venom
   (You found it on level 3 of the Dungeon)
Missiles
 l - 14 poisoned darts
 q - 6 boomerangs (quivered)
 Q - 74 stones
Armour
 h - a +4 chain mail (worn)
   (You found it on level 1 of the Dungeon)
 n - a +0 pair of gloves (worn)
   (You found it on level 2 of the Dungeon)
 u - a +0 buckler (worn)
   (You found it on level 1 of the Dungeon)
Jewellery
 p - a ring of fire
   (You found it on level 2 of the Dungeon)
 I - a ring of protection from cold (left hand)
   (You found it on level 4 of the Dungeon)
Wands
 d - a wand of iceblast (2)
   (You found it on level 4 of the Dungeon)
 f - a wand of flame (18)
   (You found it on level 3 of the Dungeon)
 D - a wand of digging (8)
   (You took it off Sigmund on level 6 of the Dungeon)
Scrolls
 c - a scroll of poison {!r}
 e - a scroll of butterflies {unknown}
 m - a scroll of immolation {!r}
 t - a scroll of teleportation {@r4}
 y - a scroll of fog {unknown}
Potions
 g - a potion of magic {unknown}
 j - a potion of resistance {unknown}
 o - 4 potions of curing {@q1}
 r - 3 potions of attraction {!q}
 s - 4 potions of haste {@q3}
 v - a potion of flight {unknown}
 w - a potion of mutation {unknown}
 x - a potion of degeneration {unknown}
 z - a potion of berserk rage {unknown}
 B - a potion of lignification {unknown}
 C - a potion of might {unknown}
 E - a potion of heal wounds {unknown}


   Skills:
 + Level 5.8 Fighting
 * Level 7.6 Axes
 * Level 3.3 Ranged Weapons
 - Level 2.4 Armour
 - Level 2.1 Dodging
 + Level 3.2 Stealth


You had 6 spell levels left.
You didn't know any spells.
Your spell library was empty.

Dungeon Overview and Level Annotations

Branches:
Dungeon (6/15)
 Temple: D:4-7

Altars:
Okawaru
Qazlal

Annotations:
D:3 1 runed translucent door, Crazy Yiuf
D:5 3 runed translucent doors, bande's ghost, amateur GrFi
D:6 Maggie


Innate Abilities, Weirdness & Mutations

You have a pair of horns on your head.
You reflexively headbutt those who attack you in melee.


Message History

There is an open door here.
Found a hand axe.
Found a crude war axe.
You see here the +11 war axe of Watchfulness {heavy, Int+2}.
i - the +11 war axe of Watchfulness {heavy, Int+2} Adjust to which letter? (? for menu, Esc to quit)
a - the +11 war axe of Watchfulness {heavy, Int+2}
i - a +1 war axe Unknown command.
Unknown command.
Unknown command.
Found 8 stones.
Q - 74 stones (gained 8)
Found 5 poisoned darts.
l - 14 poisoned darts (gained 5)
Found a pair of gloves.
There is an open door here.
There is a stone staircase leading up here.
You see here an iguana skeleton.
Found a sedimented green potion.
E - a sedimented green potion
Found a scroll labelled OSAKHU GOJIVI.
y - a scroll labelled OSAKHU GOJIVI Maggie the Vainglorious comes into view.
She is wielding a +0 glaive.
Maggie shouts!
You feel clever.
a - the +11 war axe of Watchfulness (weapon)
{heavy, Int+2} You start waiting.
Maggie is nearby!
Maggie hits you with a +0 glaive!
You slice Maggie!! Maggie hits you with a +0 glaive! x2
You hit Maggie. Maggie hits you but does no damage.
You closely miss Maggie.
Maggie gestures wildly while chanting.
Maggie attempts to bespell you!
You are mesmerised by Maggie!
Maggie points at you and mumbles some strange words.
The bolt of fire hits you!!
* * * LOW HITPOINT WARNING * * *
Unknown command.
You are too mesmerised to rage.
Unknown command.
You slice Maggie!! Your headbutt misses Maggie.
Maggie hits you with a +0 glaive!
* * * LOW HITPOINT WARNING * * *
Maggie barely misses you.
You closely miss Maggie. Maggie casts a spell at you.
The bolt of fire hits you.
You die...

#........#
#####รท#### #.#
######.###
#........#
#.####.#.###### #.#
#........# #.#
##.#.####.###
######## #.#
#.........@@#
#.....>.
#.###..#.####.#.#
#.###### #........#
#.#.# #.# #
####.....####.#.#
#.# ####
..#####.........#.#
#.# #...
#........########.#
#.# #.## ..######.#
.# #.# #.## #.# #.#
#.###.## ##'## #.
#.......


You could see Maggie (mesmerising).

Vanquished Creatures
  Sigmund (D:6)
  A phantom (D:6)
  2 scorpions
  2 hounds
  A jelly (D:4)
  5 iguanas
  An orc wizard (D:6)
  Robin (D:4)
  6 adders
  4 ufetubi (D:5)
  4 dart slugs
  13 orcs
  3 bats (D:1)
  2 endoplasms (D:1)
  6 giant cockroaches
  15 goblins
  8 hobgoblins
  4 jackals (D:4)
  3 quokkas
  4 ball pythons
  2 frilled lizards (D:2)
  6 kobolds
  3 rats
97 creatures vanquished.

Vanquished Creatures (others)
  3 fungi (D:5)
  A plant (D:5)
4 creatures vanquished.

Grand Total: 101 creatures vanquished

Notes
Turn   | Place    | Note
-------+----------+-------------------------------------------
     0 | D:1      | Pooter the Minotaur Berserker began the quest for the Orb.
     0 | D:1      | Reached XP level 1. HP: 19/19 MP: 0/0
   311 | D:1      | Reached skill level 4 in Axes
   351 | D:1      | Reached XP level 2. HP: 27/27 MP: 1/1
   937 | D:2      | Found a stormy altar of Qazlal.
   946 | D:2      | Reached skill level 1 in Stealth
   946 | D:2      | Reached XP level 3. HP: 33/33 MP: 2/2
  1122 | D:2      | Found a faded altar of an unknown god.
  1155 | D:2      | Reached ** piety under Trog
  1687 | D:3      | Reached skill level 5 in Axes
  1687 | D:3      | Reached XP level 4. HP: 40/40 MP: 3/3
  1733 | D:3      | Found a runed translucent door.
  1734 | D:3      | Noticed Crazy Yiuf
  2785 | D:4      | Noticed a scorpion
  2792 | D:4      | Killed a scorpion
  2793 | D:4      | Reached XP level 5. HP: 47/47 MP: 4/4
  2959 | D:4      | Reached skill level 6 in Axes
  3061 | D:4      | Noticed Robin
  3074 | D:4      | Killed Robin
  3075 | D:4      | Reached skill level 5 in Fighting
  3241 | D:4      | Reached XP level 6. HP: 56/56 MP: 5/5
  3842 | D:5      | Entered Level 5 of the Dungeon
  3874 | D:5      | Reached skill level 1 in Ranged Weapons
  4259 | D:5      | Found an iron altar of Okawaru.
  4481 | D:5      | Found a runed translucent gate.
  4482 | D:5      | Found a runed translucent gate.
  4483 | D:5      | Found a runed translucent gate.
  4483 | D:5      | Noticed bande's ghost (amateur GrFi)
  4641 | D:6      | Identified the +10 dagger of Qazlal's Generosity {drain,
                  | rC+ rN+ Int+3 Stlth-}
  4691 | D:6      | Reached skill level 7 in Axes
  4691 | D:6      | Reached XP level 7. HP: 56/61 MP: 6/6
  4946 | D:6      | Noticed Sigmund
  4954 | D:6      | Killed Sigmund
  5254 | D:6      | Identified the +11 war axe of Watchfulness {heavy, Int+2}
  5410 | D:6      | Noticed Maggie
  5419 | D:6      | HP: 2/62 [Maggie/+0 glaive (7)]
  5420 | D:6      | Killed from afar by Maggie

Illustrated notes

Levels and vault maps discovered:
D:1:      dpeg_arrival_tiny_a, layout_loops_corners, minmay_tree_intersection,
          reono_crystal_passage, minmay_misc_feat_rows
D:2:      layout_rooms, basic_altar, basic_ecumenical_altar,
          minmay_misc_feat_tower, kennysheep_potato
D:3:      minmay_inner_zag, layout_loops_ring, uniq_crazy_yiuf_cottage
D:4:      layout_gridville, uniq_robin
D:5:      layout_basic, okawaru_ov_weapons_minmay, gammafunk_ghost_nasty_kobolds
D:6:      layout_loops_corners, uniq_edmund, uniq_maggie, uniq_sigmund

Skill      XL: |  1  2  3  4  5  6  7 |
---------------+----------------------+-----
Axes           | 4 5 6 7 |  7.6
Fighting       | 4 5 |  5.8
Stealth        | 1 2 3 |  3.2
Ranged Weapons | 2 3 |  3.3
Armour         | |  2.4
Dodging        | |  2.1

Action                     |  1- 3 |  4- 6 |  7- 9 || total
---------------------------+-------+-------+-------++-------
  Melee: Hand axe          |    67 |    57 |       ||   124
         Headbutt          |    11 |    17 |       ||    28
         Trident           |     4 |    56 |       ||    60
         War axe           |       |    10 |    21 ||    31
         Mace              |       |    10 |       ||    10
   Fire: Sling             |       |    13 |     6 ||    19
  Throw: Dart              |       |     3 |       ||     3
         Stone             |       |     4 |       ||     4
 Invoke: Berserk           |     1 |     2 |       ||     3
         Trog's Hand       |       |     1 |     2 ||     3
  Evoke: Wand              |       |     4 |     4 ||     8
    Use: Scroll            |     2 |    11 |     2 ||    15
   Stab: Sleeping          |     1 |       |       ||     1
 Armour: Animal skin       |     4 |       |       ||     4
         Chain mail        |    15 |    81 |     6 ||   102
  Dodge: Dodged            |    34 |    61 |     7 ||   102
  Block: Buckler           |     2 |    10 |     3 ||    15

Table legend: (Time is in decaauts)
 A = Elapsed time spent in this place.
 B = Non-inter-level travel time spent in this place.
 C = Inter-level travel time spent in this place.
 D = Time resting spent in this place.
 E = Time spent auto-exploring this place.
 F = Levels seen in this place.
 G = Mean time per level.
                   A        B        C        D        E       F      G
               +--------+--------+--------+--------+--------+-----+--------+
         Total |   5481 |   5249 |    232 |    418 |   4019 |   6 |  913.5 |
       Dungeon |   5481 |   5249 |    232 |    418 |   4019 |   6 |  913.5 |
               +--------+--------+--------+--------+--------+-----+--------+

Top non-repeatable levels by time:
     D:4: 1219 daAuts
     D:3: 1091 daAuts
     D:1: 940 daAuts
     D:6: 824 daAuts
     D:5: 763 daAuts
     D:2: 642 daAuts
